Capitals vs Flames

Created - April 5, 2022 at 19:51

Goals
1 2 3 OT1 SO T
Capitals 3 1 2 0 0 6
Flames 0 4 2 0 1 7
Shots
1 2 3 OT1 SO T
Capitals 13 12 12 0 3 37
Flames 8 17 13 2 3 40

1st period

1. Capitals , Jason Spezza 24 (Alexander Radulov 15) at 5:28 (PP)
2. Capitals , Cody Hodgson 19 (Steve Bernier 11, Mike Cammalleri 13) at 6:12
3. Capitals , Jason Spezza 25 (PK Subban 16) at 15:31 (PP)

Penalties :
Brian Ferlin (Was) for Interference (Minor) at 2:46, David Ullstrom (Cal) for Cross-checking (Minor) at 5:20, Jimmy Hayes (Cal) for Hooking (Minor) at 15:26, Vladimir Sobotka (Cal) for Slashing (Minor) at 19:05

2nd period

4. Flames , David Backes 23 (Esa Lindell 19, Patrik Berglund 20) at 5:25
5. Flames , Alexander Semin 15 (David Backes 32, Patrik Berglund 21) at 8:44
6. Capitals , Blake Pietila 8 (Jason Spezza 31, Alexander Radulov 16) at 8:50
7. Flames , Sami Vatanen 3 (Patrik Berglund 22) at 8:54
8. Flames , Colby Robak 4 (Kyle Palmieri 5) at 13:12

Penalties :
Steve Bernier (Was) for Tripping (Minor) at 14:25

3rd period

9. Capitals , Antoine Vermette 5 (Jujhar Khaira 10, Victor Hedman 18) at 0:34
10. Capitals , Cody Hodgson 20 (Steve Bernier 12, Brian Ferlin 6) at 1:24
11. Flames , Alexander Semin 16 (Patrik Berglund 23) at 1:30
12. Flames , Patrik Berglund 19 (Erik Johnson 30) at 9:52

Penalties :
No Penalty

Overtime #1

No Goal

Penalties :
No Penalty

Shootout

Capitals, Jason Spezza - Stopped by Christopher Gibson
Flames, Brad Marchand - Stopped by Chet Pickard
Capitals, Cody Hodgson - Stopped by Christopher Gibson
Flames, Alexander Semin - Stopped by Chet Pickard
Capitals, Mike Cammalleri - Stopped by Christopher Gibson
Flames, Tanner Pearson - Goal!

Penalties :
No Penalty

Goalie Stats

Chet Pickard (Was), 34 saves from 40 shots - (0.850), OTL, 8-2-2, 65:00 minutes
Christopher Gibson (Cal), 16 saves from 18 shots - (0.889), W, 3-4-0, 36:10 minutes
Henrik Lundqvist (Cal), 15 saves from 19 shots - (0.789), 28:50 minutes

Players Stats for Capitals

Player Name              G  A  P  +/- PIM S  H  SB GA TA FO     MP     PP MP  PK MP  
------------------------------------------------------------------------------------
Alexander Radulov        0  2  2  -3  0   2  3  0  0  0  0/1    20:52   1:32   0:00 
Alexei Marchenko         0  0  0   2  0   0  1  2  0  0  0/0    23:48   0:00   2:20 
Antoine Vermette         1  0  1   0  0   1  1  0  0  1  4/8    12:39   0:00   0:46 
Blake Pietila            1  0  1  -3  0   3  5  1  0  0  0/0    21:19   0:40   1:42 
Brad Richardson          0  0  0   0  0   0  1  0  1  1  0/0    12:39   0:00   0:16 
Brian Ferlin             0  1  1   0  2   4  3  0  1  0  0/0    10:42   0:00   0:00 
Cameron Gaunce           0  0  0  -2  0   1  1  2  0  1  0/0    16:37   0:34   0:00 
Cody Hodgson             2  0  2   1  0   5  2  0  0  0  4/8    15:48   0:40   0:10 
Jason Spezza             2  1  3  -3  0   6  1  0  1  0  24/42  23:22   1:32   2:10 
Jujhar Khaira            0  1  1   0  0   4  1  0  1  0  0/0    10:42   0:00   0:00 
Mark Stone               0  0  0   0  0   2  1  0  0  0  0/0    12:08   0:00   0:00 
Mike Cammalleri          0  1  1   1  0   0  2  0  0  0  0/1    18:50   1:32   2:00 
Nikita Zaitsev           0  0  0   2  0   0  1  2  0  0  0/0    22:08   0:34   1:38 
PK Subban                0  1  1  -2  0   0  2  1  0  0  0/0    27:11   1:38   2:20 
Sean Monahan             0  0  0   0  0   3  0  2  1  2  3/7    13:01   0:00   0:52 
Steve Bernier            0  2  2   1  2   1  1  0  0  0  0/0    13:58   0:40   0:00 
Trevor Daley             0  0  0  -2  0   0  0  1  1  0  0/0    13:48   0:00   0:00 
Victor Hedman            0  1  1  -2  0   5  0  1  0  1  0/0    26:28   1:38   1:38 

Players Stats for Flames

Player Name              G  A  P  +/- PIM S  H  SB GA TA FO     MP     PP MP  PK MP  
------------------------------------------------------------------------------------
Alexander Semin          2  0  2   4  0   5  2  1  0  0  3/3    24:00   2:07   0:00 
Anders Lee               0  0  0   1  0   0  1  0  0  0  4/7    10:03   0:00   0:00 
Brad Marchand            0  0  0  -1  0   1  4  0  1  0  0/0    14:58   0:00   0:00 
Brendan Mikkelson        0  0  0   1  0   0  1  0  0  0  0/0    18:23   0:00   1:36 
Bryan Rust               0  0  0  -2  0   3  0  0  0  0  0/2    13:44   0:00   1:46 
Christian Folin          0  0  0  -1  0   1  2  0  1  0  0/0    21:20   1:37   0:36 
Colby Robak              1  0  1   1  0   1  1  1  0  0  0/0    15:03   0:00   0:36 
Colin Wilson             0  0  0  -1  0   1  3  0  0  0  4/8    18:32   1:51   0:26 
David Backes             1  1  2   4  0   7  1  0  0  1  0/1    23:56   2:07   0:00 
David Ullstrom           0  0  0   1  2   2  0  0  2  1  0/0     8:58   0:00   0:00 
Erik Johnson             0  1  1   2  0   4  1  1  0  1  0/0    29:27   2:21   1:36 
Esa Lindell              0  1  1  -1  0   2  4  1  1  1  0/0    20:30   1:37   0:00 
Jimmy Hayes              0  0  0  -1  2   1  1  0  0  1  0/0    16:37   1:51   0:00 
Kyle Palmieri            0  1  1   1  0   2  0  0  0  0  0/0     9:25   0:00   0:26 
Patrik Berglund          1  4  5   4  0   5  0  0  0  0  21/43  25:45   2:07   1:46 
Sami Vatanen             1  0  1   2  0   4  1  1  1  1  0/0    25:17   2:21   0:00 
Tanner Pearson           0  0  0  -2  0   1  2  0  0  0  0/0    11:46   1:51   0:00 
Vladimir Sobotka         0  0  0  -2  2   0  0  0  0  0  0/3    10:01   0:00   0:00 

3 Stars

1 - Patrik Berglund (Cal)
2 - Alexander Semin (Cal)
3 - David Backes (Cal)

Power Play

Capitals - 2 on 3 Attempt(s) - 66.67%
Flames - 0 on 2 Attempt(s) - 0.00%

Penalty Kill

Capitals - 2 on 2 Attempt(s) - 100.00% - Score 0 goal in Penalty Kill
Flames - 1 on 3 Attempt(s) - 33.33% - Score 0 goal in Penalty Kill

Team Stat

Capitals - Hits : 26 - Faceoff Wins : 35 - Blocked Shots : 12 - Penalty Minutes : 4
Flames - Hits : 24 - Faceoff Wins : 32 - Blocked Shots : 5 - Penalty Minutes : 6

Official

Referees : Furman South and Kevin Pollock
Linesman : Andrew Smith and Devin Berg

Game Notes

Christopher Gibson enters game at 8:50 of 2nd period

Finance

Level 1 -- Attendance: 5991 (99.85%) -- Ticket Income $599,100
Level 2 -- Attendance: 4800 (96.00%) -- Ticket Income $288,000
Level 3 -- Attendance: 2000 (100.00%) -- Ticket Income $70,000
Level 4 -- Attendance: 3975 (99.38%) -- Ticket Income $99,375
Luxury Box -- Attendance: 909 (90.90%) -- Ticket Income $181,800
Game was played at the Scotiabank Saddledome.
Total Attendance: 17675 (98.19%)
Total Ticket Income: $1,238,275
Other Income: $185,741
Total Income: $1,424,016

Capitals

5 vs 5 Forward 
   Center                   Left Wing                Right Wing               Time % Phy DF OF 
 1 Jason Spezza             Blake Pietila            Alexander Radulov        35     0   1  4  
 2 Cody Hodgson             Mike Cammalleri          Steve Bernier            25     0   2  3  
 3 Sean Monahan             Brad Richardson          Mark Stone               20     0   2  3  
 4 Antoine Vermette         Jujhar Khaira            Brian Ferlin             20     0   3  2  

5 vs 5 Defense 
   Defense                  Defense                                           Time % Phy DF OF 
 1 Victor Hedman            PK Subban                                         35     0   3  2  
 2 Alexei Marchenko         Nikita Zaitsev                                    35     0   4  1  
 3 Trevor Daley             Cameron Gaunce                                    25     0   4  1  
 4 Victor Hedman            PK Subban                                         5      0   3  2  

PowerPlay Forward 
   Center                   Left Wing                Right Wing               Time % Phy DF OF 
 1 Jason Spezza             Mike Cammalleri          Alexander Radulov        60     0   1  4  
 2 Cody Hodgson             Blake Pietila            Steve Bernier            40     0   1  4  

PowerPlay Defense
   Defense                  Defense                                           Time % Phy DF OF 
 1 PK Subban                Victor Hedman                                     60     0   2  3  
 2 Cameron Gaunce           Nikita Zaitsev                                    40     0   2  3  

Penalty Kill 4 Players Forward 
   Center                   Wing                     Time % Phy DF OF 
 1 Jason Spezza             Mike Cammalleri          60     0   4  1  
 2 Sean Monahan             Blake Pietila            40     0   4  1  

Penalty Kill 4 Players Defense
   Defense                  Defense                  Time % Phy DF OF 
 1 PK Subban                Alexei Marchenko         60     0   4  1  
 2 Victor Hedman            Nikita Zaitsev           40     0   4  1  

Penalty Kill - 3 Players Forward 
   Forward                                           Time % Phy DF OF 
 1 Jason Spezza                                      60     0   5  0  
 2 Sean Monahan                                      40     0   5  0  

Penalty Kill - 3 Players Defense
   Defense                  Defense                  Time % Phy DF OF 
 1 PK Subban                Alexei Marchenko         60     0   5  0  
 2 Victor Hedman            Nikita Zaitsev           40     0   5  0  

4 vs 4 Forward 
   Center                   Wing                     Time % Phy DF OF 
 1 Jason Spezza             Mike Cammalleri          60     0   2  3  
 2 Cody Hodgson             Alexander Radulov        40     0   2  3  

4 vs 4 Defense
   Defense                  Defense                  Time % Phy DF OF 
 1 PK Subban                Victor Hedman            60     0   2  3  
 2 Cameron Gaunce           Alexei Marchenko         40     0   2  3  

Last Minutes Offensive
   Center                   Left Wing                Right Wing               Defense                  Defense                  
   Jason Spezza             Mike Cammalleri          Alexander Radulov        PK Subban                Victor Hedman            

Last Minutes Defensive
   Center                   Left Wing                Right Wing               Defense                  Defense                  
   Jason Spezza             Mike Cammalleri          Brian Ferlin             PK Subban                Victor Hedman            

Goaltenders
Starting : Chet Pickard             
Backup : Cory Schneider           

Extra Forwards
Normal : Jason Spezza, Cody Hodgson, Alexander Radulov - PP : Jason Spezza, Cody Hodgson - PK : Jason Spezza
Extra Defensemen
Normal : PK Subban, Victor Hedman, Alexei Marchenko - PP : PK Subban - PK : Victor Hedman, PK Subban
Penalty Shots
Jason Spezza, Cody Hodgson, Mike Cammalleri, Alexander Radulov, Victor Hedman

Scratches
Jared Spurgeon (Healthy), Kevin Connauton (Healthy), Martins Karsums (Healthy), Patrick Sharp (Healthy)

Flames

5 vs 5 Forward 
   Center                   Left Wing                Right Wing               Time % Phy DF OF 
 1 Patrik Berglund          Alexander Semin          David Backes             40     1   2  2  
 2 Colin Wilson             Brad Marchand            Jimmy Hayes              30     1   2  2  
 3 Vladimir Sobotka         Tanner Pearson           Bryan Rust               20     1   2  2  
 4 Anders Lee               David Ullstrom           Kyle Palmieri            10     1   2  2  

5 vs 5 Defense 
   Defense                  Defense                                           Time % Phy DF OF 
 1 Erik Johnson             Sami Vatanen                                      40     1   2  2  
 2 Esa Lindell              Christian Folin                                   31     1   2  2  
 3 Colby Robak              Brendan Mikkelson                                 22     1   2  2  
 4 Erik Johnson             Brendan Mikkelson                                 7      1   2  2  

PowerPlay Forward 
   Center                   Left Wing                Right Wing               Time % Phy DF OF 
 1 Patrik Berglund          Alexander Semin          David Backes             60     1   1  3  
 2 Colin Wilson             Tanner Pearson           Jimmy Hayes              40     1   2  2  

PowerPlay Defense
   Defense                  Defense                                           Time % Phy DF OF 
 1 Erik Johnson             Sami Vatanen                                      60     1   1  3  
 2 Esa Lindell              Christian Folin                                   40     1   2  2  

Penalty Kill 4 Players Forward 
   Center                   Wing                     Time % Phy DF OF 
 1 Patrik Berglund          Bryan Rust               60     1   2  2  
 2 Colin Wilson             Kyle Palmieri            40     1   2  2  

Penalty Kill 4 Players Defense
   Defense                  Defense                  Time % Phy DF OF 
 1 Erik Johnson             Brendan Mikkelson        60     1   2  2  
 2 Colby Robak              Christian Folin          40     1   2  2  

Penalty Kill - 3 Players Forward 
   Forward                                           Time % Phy DF OF 
 1 Vladimir Sobotka                                  60     1   2  2  
 2 Bryan Rust                                        40     1   2  2  

Penalty Kill - 3 Players Defense
   Defense                  Defense                  Time % Phy DF OF 
 1 Erik Johnson             Brendan Mikkelson        60     1   2  2  
 2 Colby Robak              Christian Folin          40     1   2  2  

4 vs 4 Forward 
   Center                   Wing                     Time % Phy DF OF 
 1 Patrik Berglund          David Backes             60     1   2  2  
 2 Colin Wilson             Alexander Semin          40     1   2  2  

4 vs 4 Defense
   Defense                  Defense                  Time % Phy DF OF 
 1 Erik Johnson             Sami Vatanen             60     1   2  2  
 2 Esa Lindell              Christian Folin          40     1   2  2  

Last Minutes Offensive
   Center                   Left Wing                Right Wing               Defense                  Defense                  
   Patrik Berglund          Alexander Semin          David Backes             Erik Johnson             Sami Vatanen             

Last Minutes Defensive
   Center                   Left Wing                Right Wing               Defense                  Defense                  
   Patrik Berglund          Alexander Semin          David Backes             Erik Johnson             Sami Vatanen             

Goaltenders
Starting : Henrik Lundqvist         
Backup : Christopher Gibson       

Extra Forwards
Normal : Alexander Semin, Bryan Rust, Colin Wilson - PP : Tanner Pearson, Colin Wilson - PK : Alexander Semin
Extra Defensemen
Normal : Esa Lindell, Christian Folin, Brendan Mikkelson - PP : Esa Lindell - PK : Christian Folin, Brendan Mikkelson
Penalty Shots
Brad Marchand, Alexander Semin, Tanner Pearson, Patrik Berglund, Anders Lee

Scratches
David Savard (Healthy), Eric Staal (Strained Right Knee Injury), Tyler Shattock (Healthy)

% Time on Ice - Capitals

Lines # - Real PCT - Wanted PCT - Time Play
Normal Forward
1 - 33% - 35% - 17:46
2 - 25% - 25% - 13:14
3 - 23% - 20% - 12:08
4 - 20% - 20% - 10:42
Normal Defense
1 - 35% - 35% - 19:06
2 - 37% - 35% - 19:39
3 - 25% - 25% - 13:31
4 - 3% - 5% - 1:34
PP Forward
1 - 70% - 60% - 1:32
2 - 30% - 40% - 0:40
PP Defense
1 - 74% - 60% - 1:38
2 - 26% - 40% - 0:34
PK Forward
1 - 78% - 60% - 3:06
2 - 22% - 40% - 0:52
PK Defense
1 - 59% - 60% - 2:20
2 - 41% - 40% - 1:38
PK3 Forward
1 - 0% - 60%
2 - 0% - 40%
PK3 Defense
1 - 0% - 60%
2 - 0% - 40%
44 Forward
1 - 88% - 60% - 4:24
2 - 12% - 40% - 0:36
44 Defense
1 - 68% - 60% - 3:24
2 - 32% - 40% - 1:36
Last Minute Offensive  - 0:00
Last Minute Defensive  - 0:00
Total
Forward - 65:00
Defense - 65:00

% Time on Ice - Flames

Lines # - Real PCT - Wanted PCT - Time Play
Normal Forward
1 - 38% - 40% - 20:25
2 - 27% - 30% - 14:26
3 - 19% - 20% - 10:00
4 - 17% - 10% - 8:59
Normal Defense
1 - 39% - 40% - 20:44
2 - 31% - 31% - 16:49
3 - 26% - 22% - 13:51
4 - 5% - 7% - 2:26
PP Forward
1 - 53% - 60% - 2:07
2 - 47% - 40% - 1:51
PP Defense
1 - 59% - 60% - 2:21
2 - 41% - 40% - 1:37
PK Forward
1 - 80% - 60% - 1:46
2 - 20% - 40% - 0:26
PK Defense
1 - 73% - 60% - 1:36
2 - 27% - 40% - 0:36
PK3 Forward
1 - 0% - 60%
2 - 0% - 40%
PK3 Defense
1 - 0% - 60%
2 - 0% - 40%
44 Forward
1 - 93% - 60% - 4:39
2 - 7% - 40% - 0:21
44 Defense
1 - 54% - 60% - 2:42
2 - 46% - 40% - 2:18
Last Minute Offensive  - 0:00
Last Minute Defensive  - 0:00
Total
Forward - 65:00
Defense - 65:00

Play-by-Play

1st period


0:01 of 1st period - Patrik Berglund wins face-off versus Jason Spezza in neutral zone.
0:08 of 1st period - Snap shot by David Backes.
0:08 of 1st period - Deflect By Patrik Berglund.
0:08 of 1st period - Stopped by Chet Pickard with a rebound.
0:25 of 1st period - Mike Cammalleri is hit by Brad Marchand and loses puck.
0:49 of 1st period - Snap shot by Jujhar Khaira.
0:49 of 1st period - Stopped by Henrik Lundqvist with a rebound.
1:38 of 1st period - Sami Vatanen is hit by Nikita Zaitsev and loses puck.
1:59 of 1st period - Snap shot by Tanner Pearson.
1:59 of 1st period - Shot Misses the Net.
2:01 of 1st period - Backhand shot by Sami Vatanen.
2:01 of 1st period - Stopped by Chet Pickard without a rebound.
2:02 of 1st period - Patrik Berglund wins face-off versus Jason Spezza in Capitals zone.
2:08 of 1st period - Icing by Jason Spezza.
2:09 of 1st period - Patrik Berglund wins face-off versus Jason Spezza in Capitals zone.
2:20 of 1st period - Wrist shot by Patrik Berglund.
2:20 of 1st period - Stopped by Chet Pickard without a rebound.
2:21 of 1st period - Patrik Berglund wins face-off versus Antoine Vermette in Capitals zone.
2:22 of 1st period - Snap shot by David Backes.
2:22 of 1st period - Stopped by Chet Pickard without a rebound.
2:23 of 1st period - Patrik Berglund wins face-off versus Antoine Vermette in Capitals zone.
2:24 of 1st period - Snap shot by David Backes.
2:24 of 1st period - Shot Misses the Net.
2:46 of 1st period - Minor Penalty to Brian Ferlin for Interference.
2:47 of 1st period - Jason Spezza wins face-off versus Patrik Berglund in Capitals zone.
2:58 of 1st period - PK Subban is hit by Erik Johnson and loses puck.
3:19 of 1st period - Snap shot by David Backes.
3:19 of 1st period - Shot Misses the Net.
3:21 of 1st period - Wrist shot by Erik Johnson.
3:21 of 1st period - Deflect By Alexander Semin.
3:21 of 1st period - Shot Misses the Net.
3:21 of 1st period - Puck is out of play.
3:22 of 1st period - Jason Spezza wins face-off versus Colin Wilson in Capitals zone.
4:46 of 1st period - Penalty to Brian Ferlin is over, Brian Ferlin is back on ice.
5:00 of 1st period - Snap shot by Jujhar Khaira.
5:00 of 1st period - Deflect By Antoine Vermette.
5:00 of 1st period - Shot Misses the Net.
5:00 of 1st period - Puck is out of play.
5:01 of 1st period - Anders Lee wins face-off versus Sean Monahan in Flames zone.
5:20 of 1st period - Minor Penalty to David Ullstrom for Cross-checking.
5:21 of 1st period - Jason Spezza wins face-off versus Patrik Berglund in Flames zone.
5:26 of 1st period - Slapshot by Alexander Radulov.
5:26 of 1st period - Shot Misses the Net.
5:28 of 1st period - Wrist shot by Jason Spezza.
5:28 of 1st period - Goal by Jason Spezza - Capitals : 1 - Flames : 0.
5:29 of 1st period - Patrik Berglund wins face-off versus Jason Spezza in neutral zone.
6:00 of 1st period - Wrist shot by Steve Bernier.
6:00 of 1st period - Shot Misses the Net.
6:02 of 1st period - Slapshot by Cody Hodgson.
6:02 of 1st period - Stopped by Henrik Lundqvist with a rebound.
6:04 of 1st period - Wrist shot by Steve Bernier.
6:04 of 1st period - Shot Blocked by Colby Robak.
6:06 of 1st period - Slapshot by Victor Hedman.
6:06 of 1st period - Deflect By Cody Hodgson.
6:06 of 1st period - Shot Misses the Net.
6:06 of 1st period - Puck is out of play.
6:07 of 1st period - Cody Hodgson wins face-off versus Vladimir Sobotka in Flames zone.
6:10 of 1st period - Slapshot by Mike Cammalleri.
6:10 of 1st period - Shot Misses the Net.
6:12 of 1st period - Snap shot by Steve Bernier.
6:12 of 1st period - Deflect By Cody Hodgson.
6:12 of 1st period - Goal by Cody Hodgson - Capitals : 2 - Flames : 0.
6:13 of 1st period - Jason Spezza wins face-off versus Patrik Berglund in neutral zone.
6:20 of 1st period - Snap shot by Blake Pietila.
6:20 of 1st period - Shot Blocked by Alexander Semin.
6:28 of 1st period - Slapshot by Alexander Radulov.
6:28 of 1st period - Shot Misses the Net.
6:34 of 1st period - Alexander Semin is hit by Blake Pietila and loses puck.
6:58 of 1st period - Snap shot by Alexander Radulov.
6:58 of 1st period - Deflect By Jason Spezza.
6:58 of 1st period - Stopped by Henrik Lundqvist with a rebound.
7:24 of 1st period - Nikita Zaitsev is hit by Esa Lindell and loses puck.
7:32 of 1st period - Icing by Alexei Marchenko.
7:33 of 1st period - Jason Spezza wins face-off versus Vladimir Sobotka in Capitals zone.
7:42 of 1st period - Slapshot by Blake Pietila.
7:42 of 1st period - Stopped by Henrik Lundqvist with a rebound.
7:44 of 1st period - Snap shot by Blake Pietila.
7:44 of 1st period - Shot Blocked by Sami Vatanen.
7:46 of 1st period - Snap shot by Blake Pietila.
7:46 of 1st period - Deflect By Alexander Radulov.
7:46 of 1st period - Shot Misses the Net.
7:46 of 1st period - Puck is out of play.
7:47 of 1st period - Colin Wilson wins face-off versus Mike Cammalleri in Flames zone.
7:47 of 1st period - Colin Wilson is hit by PK Subban.
8:12 of 1st period - Vladimir Sobotka is hit by PK Subban and loses puck.
8:36 of 1st period - Erik Johnson is hit by Cameron Gaunce and loses puck.
9:11 of 1st period - Wrist shot by Bryan Rust.
9:11 of 1st period - Shot Blocked by Sean Monahan.
9:13 of 1st period - Wrist shot by Tanner Pearson.
9:13 of 1st period - Deflect By Bryan Rust.
9:13 of 1st period - Shot Blocked by Victor Hedman.
9:13 of 1st period - Puck is out of play.
9:14 of 1st period - Sean Monahan wins face-off versus Vladimir Sobotka in Capitals zone.
9:14 of 1st period - Sean Monahan is hit by Tanner Pearson.
9:22 of 1st period - Tanner Pearson is hit by Brad Richardson and loses puck.
10:20 of 1st period - Blake Pietila is hit by Anders Lee and loses puck.
10:41 of 1st period - Victor Hedman is hit by Alexander Semin and loses puck.
11:14 of 1st period - Sean Monahan is hit by Brad Marchand and loses puck.
12:40 of 1st period - Slapshot by David Backes.
12:40 of 1st period - Shot Misses the Net.
12:52 of 1st period - Alexander Semin is hit by Mike Cammalleri and loses puck.
13:23 of 1st period - Snap shot by Cody Hodgson.
13:23 of 1st period - Deflect By Mike Cammalleri.
13:23 of 1st period - Shot Misses the Net.
13:23 of 1st period - Puck is out of play.
13:24 of 1st period - Jason Spezza wins face-off versus Colin Wilson in Flames zone.
14:18 of 1st period - Slapshot by Victor Hedman.
14:18 of 1st period - Shot Blocked by Erik Johnson.
14:20 of 1st period - Snap shot by Sean Monahan.
14:20 of 1st period - Shot Misses the Net.
14:32 of 1st period - David Ullstrom is hit by Alexander Radulov and loses puck.
14:39 of 1st period - Slapshot by Esa Lindell.
14:39 of 1st period - Stopped by Chet Pickard with a rebound.
14:41 of 1st period - Snap shot by Esa Lindell.
14:41 of 1st period - Stopped by Chet Pickard without a rebound.
14:42 of 1st period - Antoine Vermette wins face-off versus Patrik Berglund in Capitals zone.
15:15 of 1st period - Backhand shot by Blake Pietila.
15:15 of 1st period - Deflect By Jason Spezza.
15:15 of 1st period - Shot Misses the Net.
15:15 of 1st period - Puck is out of play.
15:16 of 1st period - Colin Wilson wins face-off versus Jason Spezza in Flames zone.
15:26 of 1st period - Minor Penalty to Jimmy Hayes for Hooking.
15:27 of 1st period - Jason Spezza wins face-off versus Patrik Berglund in Flames zone.
15:27 of 1st period - Slapshot by Victor Hedman.
15:27 of 1st period - Deflect By Erik Johnson.
15:27 of 1st period - Stopped by Henrik Lundqvist without a rebound.
15:28 of 1st period - Jason Spezza wins face-off versus Patrik Berglund in Flames zone.
15:31 of 1st period - Wrist shot by Jason Spezza.
15:31 of 1st period - Goal by Jason Spezza - Capitals : 3 - Flames : 0.
15:32 of 1st period - Patrik Berglund wins face-off versus Jason Spezza in neutral zone.
15:37 of 1st period - Wrist shot by David Backes.
15:37 of 1st period - Stopped by Chet Pickard with a rebound.
15:59 of 1st period - Erik Johnson is hit by Cody Hodgson and loses puck.
16:20 of 1st period - Tanner Pearson is hit by Brian Ferlin and loses puck.
16:33 of 1st period - Wrist shot by Brian Ferlin.
16:33 of 1st period - Stopped by Henrik Lundqvist with a rebound.
17:20 of 1st period - Brendan Mikkelson is hit by Mike Cammalleri.
17:47 of 1st period - Snap shot by Jujhar Khaira.
17:47 of 1st period - Stopped by Henrik Lundqvist without a rebound.
17:48 of 1st period - Patrik Berglund wins face-off versus Antoine Vermette in Flames zone.
18:01 of 1st period - Wrist shot by David Backes.
18:01 of 1st period - Stopped by Chet Pickard with a rebound.
18:51 of 1st period - Snap shot by Jujhar Khaira.
18:51 of 1st period - Stopped by Henrik Lundqvist with a rebound.
19:03 of 1st period - Snap shot by Brian Ferlin.
19:03 of 1st period - Stopped by Henrik Lundqvist with a rebound.
19:05 of 1st period - Minor Penalty to Vladimir Sobotka for Slashing.
19:06 of 1st period - Patrik Berglund wins face-off versus Jason Spezza in Flames zone.
19:35 of 1st period - Backhand shot by Victor Hedman.
19:35 of 1st period - Shot Misses the Net.
19:37 of 1st period - Slapshot by Victor Hedman.
19:37 of 1st period - Stopped by Henrik Lundqvist with a rebound.
Goals for this period are 3 for Capitals vs 0 for Flames.
Shots for this period are 13 for Capitals vs 8 for Flames.

2nd period


0:01 of 2nd period - Jason Spezza wins face-off versus Patrik Berglund in neutral zone.
0:06 of 2nd period - Snap shot by Jason Spezza.
0:06 of 2nd period - Stopped by Henrik Lundqvist without a rebound.
0:07 of 2nd period - Jason Spezza wins face-off versus Patrik Berglund in Flames zone.
1:05 of 2nd period - Penalty to Vladimir Sobotka is over, Vladimir Sobotka is back on ice.
1:16 of 2nd period - Slapshot by Brad Marchand.
1:16 of 2nd period - Stopped by Chet Pickard with a rebound.
1:18 of 2nd period - Snap shot by Christian Folin.
1:18 of 2nd period - Stopped by Chet Pickard without a rebound.
1:19 of 2nd period - Anders Lee wins face-off versus Sean Monahan in Capitals zone.
1:26 of 2nd period - Snap shot by Kyle Palmieri.
1:26 of 2nd period - Shot Misses the Net.
1:28 of 2nd period - Snap shot by David Ullstrom.
1:28 of 2nd period - Stopped by Chet Pickard without a rebound.
1:29 of 2nd period - Anders Lee wins face-off versus Sean Monahan in Capitals zone.
1:38 of 2nd period - Wrist shot by Sami Vatanen.
1:38 of 2nd period - Shot Misses the Net.
1:40 of 2nd period - Slapshot by Sami Vatanen.
1:40 of 2nd period - Stopped by Chet Pickard with a rebound.
1:54 of 2nd period - Slapshot by Sami Vatanen.
1:54 of 2nd period - Shot Misses the Net.
1:56 of 2nd period - Snap shot by Kyle Palmieri.
1:56 of 2nd period - Stopped by Chet Pickard with a rebound.
1:58 of 2nd period - Snap shot by Anders Lee.
1:58 of 2nd period - Shot Misses the Net.
2:14 of 2nd period - Slapshot by David Ullstrom.
2:14 of 2nd period - Shot Misses the Net.
2:16 of 2nd period - Snap shot by Kyle Palmieri.
2:16 of 2nd period - Stopped by Chet Pickard without a rebound.
2:17 of 2nd period - Patrik Berglund wins face-off versus Jason Spezza in Capitals zone.
2:18 of 2nd period - Snap shot by Alexander Semin.
2:18 of 2nd period - Deflect By Patrik Berglund.
2:18 of 2nd period - Shot Blocked by Nikita Zaitsev.
2:18 of 2nd period - Puck is out of play.
2:19 of 2nd period - Alexander Semin wins face-off versus Jason Spezza in Capitals zone.
2:22 of 2nd period - Wrist shot by Alexander Semin.
2:22 of 2nd period - Shot Blocked by Alexei Marchenko.
3:11 of 2nd period - Snap shot by David Ullstrom.
3:11 of 2nd period - Stopped by Chet Pickard with a rebound.
3:15 of 2nd period - Backhand shot by Erik Johnson.
3:15 of 2nd period - Stopped by Chet Pickard with a rebound.
3:39 of 2nd period - Wrist shot by Bryan Rust.
3:39 of 2nd period - Shot Misses the Net.
4:16 of 2nd period - Cameron Gaunce is hit by Colby Robak and loses puck.
4:25 of 2nd period - Cameron Gaunce is hit by Brad Marchand and loses puck.
4:36 of 2nd period - Sean Monahan is hit by Christian Folin and loses puck.
5:25 of 2nd period - Snap shot by David Backes.
5:25 of 2nd period - Goal by David Backes - Capitals : 3 - Flames : 1.
5:26 of 2nd period - Patrik Berglund wins face-off versus Alexander Radulov in neutral zone.
6:20 of 2nd period - Wrist shot by Sean Monahan.
6:20 of 2nd period - Stopped by Henrik Lundqvist with a rebound.
6:22 of 2nd period - Snap shot by Victor Hedman.
6:22 of 2nd period - Stopped by Henrik Lundqvist with a rebound.
6:24 of 2nd period - Slapshot by Brad Richardson.
6:24 of 2nd period - Shot Misses the Net.
6:26 of 2nd period - Wrist shot by Brad Richardson.
6:26 of 2nd period - Deflect By Sean Monahan.
6:26 of 2nd period - Stopped by Henrik Lundqvist with a rebound.
6:28 of 2nd period - Snap shot by Sean Monahan.
6:28 of 2nd period - Deflect By Mark Stone.
6:28 of 2nd period - Shot Misses the Net.
6:28 of 2nd period - Puck is out of play.
6:29 of 2nd period - Jason Spezza wins face-off versus Patrik Berglund in Flames zone.
6:32 of 2nd period - Snap shot by Alexander Radulov.
6:32 of 2nd period - Stopped by Henrik Lundqvist with a rebound.
7:01 of 2nd period - Wrist shot by Erik Johnson.
7:01 of 2nd period - Deflect By Colin Wilson.
7:01 of 2nd period - Shot Misses the Net.
7:01 of 2nd period - Puck is out of play.
7:02 of 2nd period - Colin Wilson wins face-off versus Cody Hodgson in Capitals zone.
7:13 of 2nd period - Snap shot by Jimmy Hayes.
7:13 of 2nd period - Shot Misses the Net.
7:15 of 2nd period - Slapshot by Erik Johnson.
7:15 of 2nd period - Deflect By Steve Bernier.
7:15 of 2nd period - Stopped by Chet Pickard with a rebound.
7:17 of 2nd period - Slapshot by Jimmy Hayes.
7:17 of 2nd period - Shot Blocked by Trevor Daley.
7:57 of 2nd period - Wrist shot by Tanner Pearson.
7:57 of 2nd period - Stopped by Chet Pickard without a rebound.
7:58 of 2nd period - Colin Wilson wins face-off versus Cody Hodgson in Capitals zone.
8:29 of 2nd period - Off-side.
8:30 of 2nd period - Patrik Berglund wins face-off versus Jason Spezza in neutral zone.
8:38 of 2nd period - Icing by Alexei Marchenko.
8:39 of 2nd period - Patrik Berglund wins face-off versus Jason Spezza in Capitals zone.
8:44 of 2nd period - Slapshot by Alexander Semin.
8:44 of 2nd period - Goal by Alexander Semin - Capitals : 3 - Flames : 2.
8:45 of 2nd period - Jason Spezza wins face-off versus Patrik Berglund in neutral zone.
8:48 of 2nd period - Snap shot by Jason Spezza.
8:48 of 2nd period - Shot Misses the Net.
8:50 of 2nd period - Slapshot by Blake Pietila.
8:50 of 2nd period - Goal by Blake Pietila - Capitals : 4 - Flames : 2.
8:50 of 2nd period - Christopher Gibson enters game.
8:51 of 2nd period - Patrik Berglund wins face-off versus Jason Spezza in neutral zone.
8:54 of 2nd period - Slapshot by Sami Vatanen.
8:54 of 2nd period - Goal by Sami Vatanen - Capitals : 4 - Flames : 3.
8:55 of 2nd period - Jason Spezza wins face-off versus Patrik Berglund in neutral zone.
9:21 of 2nd period - Brad Marchand is hit by Mark Stone and loses puck.
9:43 of 2nd period - Off-side.
9:44 of 2nd period - Cody Hodgson wins face-off versus Bryan Rust in neutral zone.
9:53 of 2nd period - Wrist shot by Cody Hodgson.
9:53 of 2nd period - Stopped by Christopher Gibson without a rebound.
9:54 of 2nd period - Jason Spezza wins face-off versus Patrik Berglund in Flames zone.
10:05 of 2nd period - Slapshot by Jason Spezza.
10:05 of 2nd period - Stopped by Christopher Gibson without a rebound.
10:06 of 2nd period - Jason Spezza wins face-off versus David Backes in Flames zone.
10:07 of 2nd period - Wrist shot by Alexander Radulov.
10:07 of 2nd period - Shot Misses the Net.
10:17 of 2nd period - Snap shot by Alexander Semin.
10:17 of 2nd period - Deflect By David Backes.
10:17 of 2nd period - Stopped by Chet Pickard without a rebound.
10:18 of 2nd period - Alexander Semin wins face-off versus Jason Spezza in Capitals zone.
10:19 of 2nd period - Wrist shot by David Backes.
10:19 of 2nd period - Shot Misses the Net.
11:09 of 2nd period - Snap shot by Tanner Pearson.
11:09 of 2nd period - Shot Misses the Net.
11:11 of 2nd period - Slapshot by Bryan Rust.
11:11 of 2nd period - Stopped by Chet Pickard with a rebound.
11:29 of 2nd period - Brad Richardson is hit by Esa Lindell and loses puck.
11:36 of 2nd period - Wrist shot by Sean Monahan.
11:36 of 2nd period - Stopped by Christopher Gibson with a rebound.
12:04 of 2nd period - Sami Vatanen is hit by Jason Spezza and loses puck.
12:29 of 2nd period - Snap shot by Patrik Berglund.
12:29 of 2nd period - Shot Misses the Net.
12:31 of 2nd period - Wrist shot by David Backes.
12:31 of 2nd period - Shot Misses the Net.
12:33 of 2nd period - Slapshot by Erik Johnson.
12:33 of 2nd period - Shot Blocked by Nikita Zaitsev.
12:35 of 2nd period - Slapshot by Erik Johnson.
12:35 of 2nd period - Stopped by Chet Pickard without a rebound.
12:36 of 2nd period - Jason Spezza wins face-off versus Colin Wilson in Capitals zone.
12:43 of 2nd period - Slapshot by Blake Pietila.
12:43 of 2nd period - Stopped by Christopher Gibson with a rebound.
13:08 of 2nd period - Snap shot by Colby Robak.
13:08 of 2nd period - Shot Blocked by Blake Pietila.
13:10 of 2nd period - Slapshot by Colby Robak.
13:10 of 2nd period - Shot Blocked by Cameron Gaunce.
13:12 of 2nd period - Slapshot by Colby Robak.
13:12 of 2nd period - Goal by Colby Robak - Capitals : 4 - Flames : 4.
13:13 of 2nd period - Patrik Berglund wins face-off versus Cody Hodgson in neutral zone.
13:18 of 2nd period - Off-side.
13:19 of 2nd period - Cody Hodgson wins face-off versus Patrik Berglund in neutral zone.
13:28 of 2nd period - Backhand shot by Steve Bernier.
13:28 of 2nd period - Deflect By Sami Vatanen.
13:28 of 2nd period - Stopped by Christopher Gibson without a rebound.
13:29 of 2nd period - Jason Spezza wins face-off versus Patrik Berglund in Flames zone.
14:25 of 2nd period - Minor Penalty to Steve Bernier for Tripping.
14:26 of 2nd period - Jason Spezza wins face-off versus Patrik Berglund in Capitals zone.
16:25 of 2nd period - Penalty to Steve Bernier is over, Steve Bernier is back on ice.
18:34 of 2nd period - David Backes is hit by Blake Pietila.
18:56 of 2nd period - Kyle Palmieri is hit by Brian Ferlin and loses puck.
19:43 of 2nd period - Snap shot by Sean Monahan.
19:43 of 2nd period - Deflect By Mark Stone.
19:43 of 2nd period - Stopped by Christopher Gibson with a rebound.
Goals for this period are 1 for Capitals vs 4 for Flames.
Shots for this period are 12 for Capitals vs 17 for Flames.

3rd period


0:01 of 3rd period - Jason Spezza wins face-off versus Patrik Berglund in neutral zone.
0:04 of 3rd period - Slapshot by PK Subban.
0:04 of 3rd period - Shot Misses the Net.
0:27 of 3rd period - Brad Marchand is hit by Jujhar Khaira and loses puck.
0:32 of 3rd period - Snap shot by Jujhar Khaira.
0:32 of 3rd period - Stopped by Christopher Gibson with a rebound.
0:34 of 3rd period - Backhand shot by Antoine Vermette.
0:34 of 3rd period - Goal by Antoine Vermette - Capitals : 5 - Flames : 4.
0:35 of 3rd period - Jason Spezza wins face-off versus Patrik Berglund in neutral zone.
0:38 of 3rd period - David Backes is hit by Blake Pietila and loses puck.
1:02 of 3rd period - Erik Johnson is hit by Brian Ferlin and loses puck.
1:24 of 3rd period - Snap shot by Cody Hodgson.
1:24 of 3rd period - Goal by Cody Hodgson - Capitals : 6 - Flames : 4.
1:25 of 3rd period - Patrik Berglund wins face-off versus Jason Spezza in neutral zone.
1:28 of 3rd period - Slapshot by Alexander Semin.
1:28 of 3rd period - Shot Blocked by PK Subban.
1:30 of 3rd period - Wrist shot by Alexander Semin.
1:30 of 3rd period - Goal by Alexander Semin - Capitals : 6 - Flames : 5.
1:31 of 3rd period - Alexander Semin wins face-off versus Jason Spezza in neutral zone.
2:20 of 3rd period - Erik Johnson is hit by Cody Hodgson and loses puck.
3:06 of 3rd period - Icing by Nikita Zaitsev.
3:07 of 3rd period - Patrik Berglund wins face-off versus Cody Hodgson in Capitals zone.
3:45 of 3rd period - Snap shot by Cody Hodgson.
3:45 of 3rd period - Stopped by Christopher Gibson without a rebound.
3:46 of 3rd period - Jason Spezza wins face-off versus Anders Lee in Flames zone.
3:49 of 3rd period - Wrist shot by Alexander Radulov.
3:49 of 3rd period - Stopped by Christopher Gibson without a rebound.
3:50 of 3rd period - Anders Lee wins face-off versus Jason Spezza in Flames zone.
4:20 of 3rd period - Slapshot by Victor Hedman.
4:20 of 3rd period - Stopped by Christopher Gibson with a rebound.
4:22 of 3rd period - Slapshot by Victor Hedman.
4:22 of 3rd period - Shot Misses the Net.
4:24 of 3rd period - Snap shot by Jujhar Khaira.
4:24 of 3rd period - Shot Misses the Net.
4:39 of 3rd period - Off-side.
4:40 of 3rd period - Sean Monahan wins face-off versus Patrik Berglund in neutral zone.
5:03 of 3rd period - Wrist shot by David Backes.
5:03 of 3rd period - Deflect By Patrik Berglund.
5:03 of 3rd period - Stopped by Chet Pickard without a rebound.
5:04 of 3rd period - Jason Spezza wins face-off versus Colin Wilson in Capitals zone.
5:35 of 3rd period - Victor Hedman is hit by Brendan Mikkelson and loses puck.
5:38 of 3rd period - Slapshot by Antoine Vermette.
5:38 of 3rd period - Shot Misses the Net.
5:57 of 3rd period - Backhand shot by Cameron Gaunce.
5:57 of 3rd period - Stopped by Christopher Gibson with a rebound.
5:59 of 3rd period - Wrist shot by Mark Stone.
5:59 of 3rd period - Stopped by Christopher Gibson with a rebound.
6:41 of 3rd period - Snap shot by Jason Spezza.
6:41 of 3rd period - Shot Hit the Post.
7:03 of 3rd period - Off-side.
7:04 of 3rd period - Jason Spezza wins face-off versus Patrik Berglund in neutral zone.
7:07 of 3rd period - Slapshot by Victor Hedman.
7:07 of 3rd period - Deflect By David Backes.
7:07 of 3rd period - Stopped by Christopher Gibson with a rebound.
8:02 of 3rd period - Wrist shot by Colin Wilson.
8:02 of 3rd period - Stopped by Chet Pickard with a rebound.
8:32 of 3rd period - Erik Johnson is hit by Alexander Radulov.
8:55 of 3rd period - PK Subban is hit by Jimmy Hayes.
8:59 of 3rd period - Esa Lindell is hit by Blake Pietila and loses puck.
9:10 of 3rd period - Snap shot by Blake Pietila.
9:10 of 3rd period - Shot Misses the Net.
9:22 of 3rd period - Snap shot by Jason Spezza.
9:22 of 3rd period - Stopped by Christopher Gibson with a rebound.
9:24 of 3rd period - Snap shot by Jason Spezza.
9:24 of 3rd period - Deflect By Blake Pietila.
9:24 of 3rd period - Shot Blocked by Esa Lindell.
9:24 of 3rd period - Puck is out of play.
9:25 of 3rd period - Antoine Vermette wins face-off versus Patrik Berglund in Flames zone.
9:32 of 3rd period - Snap shot by Brian Ferlin.
9:32 of 3rd period - Stopped by Christopher Gibson without a rebound.
9:33 of 3rd period - Antoine Vermette wins face-off versus Patrik Berglund in Flames zone.
9:44 of 3rd period - Snap shot by Brian Ferlin.
9:44 of 3rd period - Stopped by Christopher Gibson without a rebound.
9:45 of 3rd period - Patrik Berglund wins face-off versus Antoine Vermette in Flames zone.
9:50 of 3rd period - Snap shot by Erik Johnson.
9:50 of 3rd period - Stopped by Chet Pickard with a rebound.
9:52 of 3rd period - Slapshot by Patrik Berglund.
9:52 of 3rd period - Goal by Patrik Berglund - Capitals : 6 - Flames : 6.
9:53 of 3rd period - Jason Spezza wins face-off versus Patrik Berglund in neutral zone.
10:20 of 3rd period - Jimmy Hayes is hit by Antoine Vermette and loses puck.
10:29 of 3rd period - Snap shot by Jimmy Hayes.
10:29 of 3rd period - Stopped by Chet Pickard with a rebound.
10:45 of 3rd period - Steve Bernier is hit by Tanner Pearson and loses puck.
10:50 of 3rd period - Slapshot by Tanner Pearson.
10:50 of 3rd period - Shot Blocked by Cameron Gaunce.
10:52 of 3rd period - Slapshot by Esa Lindell.
10:52 of 3rd period - Shot Misses the Net.
10:54 of 3rd period - Backhand shot by Christian Folin.
10:54 of 3rd period - Deflect By Bryan Rust.
10:54 of 3rd period - Stopped by Chet Pickard with a rebound.
12:37 of 3rd period - Erik Johnson is hit by Alexander Radulov and loses puck.
12:51 of 3rd period - Off-side.
12:52 of 3rd period - Sean Monahan wins face-off versus Anders Lee in neutral zone.
13:02 of 3rd period - Off-side.
13:03 of 3rd period - Patrik Berglund wins face-off versus Jason Spezza in neutral zone.
13:18 of 3rd period - Snap shot by Alexander Semin.
13:18 of 3rd period - Stopped by Chet Pickard with a rebound.
13:20 of 3rd period - Snap shot by David Backes.
13:20 of 3rd period - Shot Misses the Net.
13:30 of 3rd period - Jimmy Hayes is hit by Alexei Marchenko and loses puck.
15:23 of 3rd period - Slapshot by Tanner Pearson.
15:23 of 3rd period - Shot Misses the Net.
15:42 of 3rd period - Snap shot by Bryan Rust.
15:42 of 3rd period - Stopped by Chet Pickard without a rebound.
15:43 of 3rd period - Patrik Berglund wins face-off versus Sean Monahan in Capitals zone.
15:54 of 3rd period - Wrist shot by Alexander Semin.
15:54 of 3rd period - Stopped by Chet Pickard with a rebound.
16:29 of 3rd period - Christian Folin is hit by Steve Bernier and loses puck.
17:15 of 3rd period - Alexei Marchenko is hit by Esa Lindell and loses puck.
17:26 of 3rd period - Alexander Radulov is hit by Colin Wilson and loses puck.
19:06 of 3rd period - Snap shot by David Backes.
19:06 of 3rd period - Stopped by Chet Pickard with a rebound.
19:08 of 3rd period - Snap shot by Sami Vatanen.
19:08 of 3rd period - Stopped by Chet Pickard with a rebound.
19:20 of 3rd period - Snap shot by David Backes.
19:20 of 3rd period - Stopped by Chet Pickard with a rebound.
19:22 of 3rd period - Snap shot by David Backes.
19:22 of 3rd period - Shot Blocked by Sean Monahan.
19:24 of 3rd period - Backhand shot by Sami Vatanen.
19:24 of 3rd period - Deflect By Alexander Semin.
19:24 of 3rd period - Shot Blocked by Alexei Marchenko.
19:24 of 3rd period - Puck is out of play.
19:25 of 3rd period - Antoine Vermette wins face-off versus Bryan Rust in Capitals zone.
19:25 of 3rd period - Antoine Vermette is hit by Colin Wilson.
19:28 of 3rd period - Jujhar Khaira is hit by Colin Wilson and loses puck.
19:51 of 3rd period - Trevor Daley is hit by Brad Marchand and loses puck.
Goals for this period are 2 for Capitals vs 2 for Flames.
Shots for this period are 12 for Capitals vs 13 for Flames.

Overtime #1


0:01 of 1st overtime period - Patrik Berglund wins face-off versus Jason Spezza in neutral zone.
0:10 of 1st overtime period - Wrist shot by Patrik Berglund.
0:10 of 1st overtime period - Stopped by Chet Pickard with a rebound.
0:54 of 1st overtime period - Snap shot by Alexander Semin.
0:54 of 1st overtime period - Stopped by Chet Pickard with a rebound.
1:18 of 1st overtime period - Victor Hedman is hit by Sami Vatanen and loses puck.
1:41 of 1st overtime period - PK Subban is hit by Christian Folin and loses puck.
1:47 of 1st overtime period - Icing by Cody Hodgson.
1:48 of 1st overtime period - Cody Hodgson wins face-off versus Anders Lee in Capitals zone.
2:03 of 1st overtime period - Mike Cammalleri is hit by David Backes and loses puck.
2:38 of 1st overtime period - Antoine Vermette is hit by Alexander Semin and loses puck.
3:32 of 1st overtime period - Sami Vatanen is hit by Blake Pietila and loses puck.
4:06 of 1st overtime period - Alexander Radulov is hit by Esa Lindell.
Goals for this period are 0 for Capitals vs 0 for Flames.
Shots for this period are 0 for Capitals vs 2 for Flames.

ShootOut


5:00 of 1st overtime period - Round #1.
5:00 of 1st overtime period - Capitals, Jason Spezza.
5:00 of 1st overtime period - Backhand shot by Jason Spezza.
5:00 of 1st overtime period - Stopped by Christopher Gibson.
5:00 of 1st overtime period - Flames, Brad Marchand.
5:00 of 1st overtime period - Backhand shot by Brad Marchand.
5:00 of 1st overtime period - Stopped by Chet Pickard.
5:00 of 1st overtime period - Round #2.
5:00 of 1st overtime period - Capitals, Cody Hodgson.
5:00 of 1st overtime period - Backhand shot by Cody Hodgson.
5:00 of 1st overtime period - Stopped by Christopher Gibson.
5:00 of 1st overtime period - Flames, Alexander Semin.
5:00 of 1st overtime period - Deke by Alexander Semin.
5:00 of 1st overtime period - Stopped by Chet Pickard.
5:00 of 1st overtime period - Round #3.
5:00 of 1st overtime period - Capitals, Mike Cammalleri.
5:00 of 1st overtime period - Backhand shot by Mike Cammalleri.
5:00 of 1st overtime period - Stopped by Christopher Gibson.
5:00 of 1st overtime period - Flames, Tanner Pearson.
5:00 of 1st overtime period - Wrist shot by Tanner Pearson.
5:00 of 1st overtime period - Goal by Tanner Pearson.